 Dungeon Crawl Stone Soup version 0.21.1-1-g345015fe64 (webtiles) character file.

188 Htamos the Cudgeler (level 5, 0/32 HPs)
             Began as a Gargoyle Monk on July 10, 2018.
             Slain by a hippogriff (6 damage)
             ... on level 3 of the Dungeon.
             The game lasted 00:05:17 (3366 turns).

Htamos the Cudgeler (Gargoyle Monk)                 Turns: 3366, Time: 00:05:17

Health: 0/32       AC:  6    Str: 19    XL:     5   Next: 67%
Magic:  5/5        EV: 13    Int: 11    God:
Gold:   176        SH:  0    Dex: 13    Spells: 4/4 levels left

rFire    . . .     SeeInvis .   a - +0 mace
rCold    . . .     Gourm    .   (no shield)
rNeg     + . .     Faith    .   (no armour)
rPois    ∞         Spirit   .   (no helmet)
rElec    +         Reflect  .   (no cloak)
rCorr    .         Harm     .   (no gloves)
MR       .....                  j - +1 pair of boots
Stlth    ++........             (no amulet)
HPRegen  0.10/turn              (no ring)
MPRegen  0.09/turn              (no ring)

@: mighty
A: negative energy resistance 1, electricity resistance, unbreathing,
petrification resistance, rot immunity, AC +4
a: no special abilities


You were on level 3 of the Dungeon.
You were hungry.

You visited 1 branch of the dungeon, and saw 3 of its levels.

You collected 176 gold pieces.

Inventory:

Hand Weapons
 a - a +0 mace (weapon)
Missiles
 m - 139 stones (quivered)
Armour
 b - a +0 robe
 i - a +0 ring mail
 j - a +1 pair of boots (worn)
Jewellery
 e - an uncursed ring of magical power {unknown}
Scrolls
 f - 4 scrolls of identify {unknown}
 g - 4 scrolls of amnesia {unknown}
 h - a scroll of enchant weapon {unknown}
 k - a scroll of immolation {unknown}
 l - 2 scrolls of magic mapping {unknown}
 o - 4 scrolls of teleportation {unknown}
 p - a scroll of remove curse {unknown}
Potions
 d - 2 potions of flight
Comestibles
 c - 3 rations


   Skills:
 - Level 3.2 Fighting
 + Level 6.2 Maces & Flails
 - Level 2.4 Dodging
 - Level 2.1 Stealth


You had 4 spell levels left.
You didn't know any spells.

Dungeon Overview and Level Annotations

Branches:
Dungeon (3/15)

Altars:


Innate Abilities, Weirdness & Mutations

You are resistant to torment.
Your stone body is resilient. (AC +4)
You are immune to poison.
You resist negative energy. (rN+)
You are resistant to electric shocks. (rElec)
You can survive without breathing.
You are immune to petrification.
You are immune to rotting.


Message History

The hippogriff pecks you but does no damage.
The hippogriff claws you.
You hit the hippogriff.
The hippogriff is lightly wounded.
The hippogriff bites you. The hippogriff pecks you. The hippogriff claws you.
* * * LOW HITPOINT WARNING * * *
You are too injured to fight recklessly!
You are too injured to fight recklessly!
Sorry, you're not good enough to have a special ability.
It was a potion of might.
You feel very mighty all of a sudden.
The hippogriff bites you but does no damage.
The hippogriff pecks you but does no damage.
The hippogriff barely misses you.
You sock the hippogriff!
The hippogriff is heavily wounded.
The hippogriff bites you but does no damage.
The hippogriff pecks you but does no damage.
The hippogriff claws you.
You die...

..# ###... ..##.# #.##.#
#.##.# ##.####
#.##.###########
#......###.##.##........#
#..H@...........##.#
#..........#...#.##.###.##
#.#########..†...##.......
##...#.######.#. ##.##.#
#.#) #.##.######.#.
#.##........#.
##'###########. ##...## #.


You could see a hippogriff.

Vanquished Creatures
  An orc wizard (D:2)
  2 orc priests (D:3)
  4 adders
  An ooze (D:2)
  2 worms (D:2)
  2 dart slugs
  6 orcs (D:3)
  A giant cockroach (D:2)
  6 goblins
  A hobgoblin (D:2)
  8 kobolds
  A quokka (D:2)
  9 bats
  2 frilled lizards
  4 rats
50 creatures vanquished.

Notes
Turn   | Place    | Note
-------+----------+-------------------------------------------
     0 | D:1      | Htamos the Gargoyle Monk began the quest for the Orb.
     0 | D:1      | Reached XP level 1. HP: 14/14 MP: 1/1
   302 | D:1      | Reached XP level 2. HP: 16/19 MP: 2/2
  1089 | D:2      | Reached skill level 4 in Maces & Flails
  1089 | D:2      | Reached XP level 3. HP: 13/23 MP: 3/3
  2059 | D:2      | Reached XP level 4. HP: 28/28 MP: 4/4
  2543 | D:2      | Reached skill level 5 in Maces & Flails
  2750 | D:3      | Reached XP level 5. HP: 10/32 MP: 5/5
  3016 | D:3      | Reached skill level 6 in Maces & Flails
  3355 | D:3      | Noticed a hippogriff
  3366 | D:3      | Slain by a hippogriff

Skill      XL: |  1  2  3  4  5 |
---------------+----------------+-----
Maces & Flails | 4 5 6 |  6.2
Fighting       | |  3.2
Dodging        | |  2.4
Stealth        | |  2.1

Action                   |  1- 3 |  4- 6 || total
-------------------------+-------+-------++-------
Melee: Mace              |   127 |    75 ||   202
  Use: Potion            |     3 |     1 ||     4
 Stab: Sleeping          |     2 |     4 ||     6
       Distracted        |     1 |     1 ||     2
  Eat: Chunk             |     2 |     5 ||     7
Armor: Robe              |    11 |       ||    11
       Skin              |    20 |    27 ||    47
Dodge: Dodged            |    85 |    45 ||   130
